 Dungeon Crawl Stone Soup version 0.29.1-12-g30fa7ad0bf (webtiles) character file.

Game seed: 10448389884124790033

20636 javelincjr the Thaumaturge (level 13, -1/80 HPs)
             Began as a Djinni Hedge Wizard on Dec 21, 2022.
             Was a Priest of Qazlal.
             Slain by a skeletal warrior
             ... wielding a +0 trident
              (11 damage)
             ... on level 14 of the Dungeon.
             The game lasted 02:38:08 (18690 turns).

javelincjr the Thaumaturge (Djinni Hedge Wizard)   Turns: 18690, Time: 02:38:09

Health: -1/80      AC: 13    Str:  8    XL:     13   Next: 13%
Gold:   750        EV: 18    Int: 26    God:    Qazlal [***...] SH:  9 Dex: 17

rFire   + + .      SeeInvis .   z - +7 dagger (holy)
rCold   . . .      Faith    .   k - orb {light}
rNeg    . . .      Spirit   .   y - +2 leather armour {rC+}
rPois   ∞          Reflect  +   w - +2 hat
rElec   +          Harm     .   d - +1 cloak
rCorr   .          Rampage  .   I - +2 pair of gloves "Zaixaty" {Dex+6}
Will    ++...      Rage     3%  (boots unavailable)
Stlth   +.........              i - amulet of reflection
HPRegen 0.23/turn               r - ring of willpower
MPRegen 0.00/turn               L - +4 ring of evasion

@: flying, hasted, glowing, very quick
A: sickness immunity, fire resistance 2, cold vulnerability 1, float, innate
caster, HP casting, extra vitality 1, berserk 1, clever 1, electricity
resistance
a: Renounce Religion, Upheaval, Elemental Force


You were on level 14 of the Dungeon.
You worshipped Qazlal.
Qazlal was most pleased with you.
You visited 2 branches of the dungeon, and saw 15 of its levels.
You also visited: Gauntlet.

You collected 854 gold pieces.
You spent 104 gold pieces at shops.

Inventory:

Hand Weapons
 b - a +5 long sword of draining
 q - a +2 dagger of speed
 z - a +7 dagger of holy wrath (weapon)
 J - the +5 dagger "Cagupsen" {antimagic, rPois rC+ Str-2 Stlth+}
   (You found it on level 8 of the Dungeon)

   It reduces the magical energy of the wielder, and disrupts the spells and
   magical abilities of those it strikes.
   Natural abilities and divine invocations are not affected.
   Str:       It affects your strength (-2).
   rC:        It protects you from cold.
   rPois:     It protects you from poison.
   Stlth:     It makes you more stealthy.
 P - a +2 longbow of flaming
Missiles
 e - 22 javelins
 h - 59 stones (quivered)
 m - 4 atropa-tipped darts
 p - 87 poisoned darts
 v - 4 boomerangs of dispersal
 x - 15 boomerangs
 N - a curare-tipped dart
Armour
 d - a +1 cloak (worn)
 k - an orb of light (worn)
 w - a +2 hat (worn)
 y - a +2 leather armour of cold resistance (worn)
 D - the +3 chain mail "Ihaarer" {rElec rF++ Str+4 Int-3}
   (You found it on level 7 of the Dungeon)

   Str:       It affects your strength (+4).
   Int:       It affects your intelligence (-3).
   rF:        It greatly protects you from fire.
   rElec:     It insulates you from electricity.
 I - the +2 pair of gloves "Zaixaty" (worn) {Dex+6}
   (You found it in a Gauntlet)

   Dex:       It affects your dexterity (+6).
Magical Staves
 G - a staff of poison
 U - a staff of air
Jewellery
 i - an amulet of reflection (around neck)
 r - a ring of willpower (left hand)
 L - a +4 ring of evasion (right hand)
 Q - a ring of resist corrosion
Wands
 f - a wand of light (3)
 o - a wand of flame (44)
 t - a wand of charming (9)
 A - a wand of iceblast (24)
 H - a wand of mindburst (22)
Scrolls
 c - a scroll of butterflies {unknown}
 g - 4 scrolls of poison
 s - 3 scrolls of vulnerability
 u - 2 scrolls of immolation
 B - 3 scrolls of teleportation
 K - a scroll of fear
 M - a scroll of magic mapping
 R - a scroll of summoning {unknown}
Potions
 a - a potion of berserk rage
 j - 3 potions of brilliance
 l - 2 potions of curing
 n - 3 potions of lignification
 C - a potion of resistance
 F - a potion of haste
 O - a potion of cancellation {unknown}
 S - a potion of might {unknown}
 X - a potion of flight {unknown}
Miscellaneous
 T - a condenser vane
 V - a box of beasts
 W - a box of beasts


   Skills:
 + Level 2.5 Fighting
 + Level 3.8 Short Blades
 + Level 0.5 Throwing
 + Level 4.7 Armour
 + Level 5.6 Dodging
 + Level 4.3 Stealth
 + Level 4.5 Shields
 + Level 14.0 Spellcasting


You had 8 spell levels left.
You knew the following spells:

 Your Spells              Type           Power      Damage    Failure   Level
a - Magic Dart            Conj           100%       1d8       0%          1
b - Blink                 Tloc           100%       N/A       1%          2
c - Call Imp              Summ           74%        N/A       1%          2
d - Slow                  Hex            100%       N/A       0%          1
e - Conjure Flame         Conj/Fire      74%        6-21      1%          3
f - Mephitic Cloud        Conj/Pois/Air  74%        N/A       1%          3
g - Sandblast             Erth           100%       2d20      0%          1
h - Poisonous Vapours     Pois/Air       100%       N/A       1%          2
i - Confusing Touch       Hex            74%        N/A       1%          3
j - Iskenderun's Mystic   Conj/Tloc      74%        2d15      1%          4
k - Lee's Rapid Deconstr  Erth           37%        3d19*     1%          5
l - Irradiate             Conj/Tmut      37%        3d24      1%          5
Your spell library was empty.

Dungeon Overview and Level Annotations

Branches:
Dungeon (14/15)            Temple (1/1) D:7            Lair (0/5) D:10
    Orc (0/2) D:9         Gauntlet (visited)
 Vaults: D:13-14

Altars:
Ashenzari
Cheibriados
Dithmenos
Elyvilon
Fedhas
Gozag
Hepliaklqana
Makhleb
Nemelex Xobeh
Okawaru
Qazlal
Ru
Trog
Uskayaw
Wu Jian
Xom
Yredelemnul
Zin
The Shining One

Shops:
D:2 =   D:6 *

Annotations:
D:12 1 transporter


Innate Abilities, Weirdness & Mutations

You are immune to sickness and miasma.
You are immune to poison.
Your flesh is very heat resistant. (rF++)
You are vulnerable to cold. (rC-)
You float through the air rather than walking.
You learn spells naturally, not from books.
Your magical power is your life essence.
You have superior vitality. (+4 MHP)
You sometimes lose your temper in combat.
Your mind is acute. (Int +4, Str/Dex -1)
You are resistant to electric shocks. (rElec)


Message History

The centaur warrior simulacrum shatters!!
The centaur warrior simulacrum vaporises!
Qazlal accepts your kill.
* * * LOW HITPOINT WARNING * * *
You start resting.
You hear a shout!
A freezing wraith comes into view.
Casting: Lee's Rapid Deconstruction (mildly dangerous; 1% risk of failure)
Confirm with . or Enter, or press ? or * to list all spells.
You erupt in a blast of force!
The mystic blast hits the freezing wraith!!
The freezing wraith is heavily damaged.
The freezing wraith is knocked back by the mystic blast.
* * * LOW HITPOINT WARNING * * *
A deep elf pyromancer comes into view. It is wielding a +0 long sword.
The deep elf pyromancer gestures wildly while chanting.
The deep elf pyromancer gestures wildly while chanting.
The deep elf pyromancer blinks!
You feel yourself speed up.
The freezing wraith hits you but does no damage.
You block the freezing wraith's attack.
Found a potion of curing.
Found 24 gold pieces.
The freezing wraith enters a dispersal trap!
The fire elemental blinks! x2; You blink.
The freezing wraith blinks!
Okay, then.
Found a stone staircase leading down.
A skeletal warrior comes into view. It is wielding a +0 long sword.
The deep elf pyromancer barely misses you.
The deep elf pyromancer casts a spell.
Found a club.
A skeletal warrior comes into view. It is wielding a +0 trident.
The fire elemental sizzles in the rain.
A skeletal warrior comes into view.
It is wielding a +2 war axe of electrocution.
You block the skeletal warrior's attack.
The skeletal warrior hits you from afar with a +0 trident.
* * * LOW HITPOINT WARNING * * *
Found a stone staircase leading up.
The skeletal warrior hits you from afar with a +0 trident!
You die...

........#
........#
..<.....#
........## ..
.......# ....
.....#.....
##.####...#.)...
........@.......
..####.........
###..zz......
##....E.#.....
#>..°○..#.####
#.#.z##.#.#
##.#E.#○...##
#..e.○#E...<#
#..##°#°#####


You could see 3 skeletal warriors, a deep elf pyromancer and 2 fire elementals.

Vanquished Creatures
  Nessos (D:12)
  A minotaur (Gauntlet)
  Snorg (D:10)
  A rakshasa (D:12)
  A two-headed ogre (D:12)
  2 death scarabs (Gauntlet)
  A hell hog (Gauntlet)
  A fire crab (Gauntlet)
  A shining eye (Gauntlet)
  A manticore (D:13)
  A deep elf pyromancer (D:12)
  A cyclops (D:7)
  A gargoyle (D:12)
  A minotaur zombie (Gauntlet)
  3 kobold demonologists (D:9)
  3 unseen horrors
  5 trolls
  A raiju (Gauntlet)
  A hornet (D:8)
  A vampire (D:10)
  Sigmund (D:2)
  A centaur simulacrum (D:14)
  A spriggan (shapeshifter) (D:12)
  A shadow (D:9)
  A wyvern (D:6)
  2 wraiths
  17 yaks
  6 fire bats (Gauntlet)
  A golden eye (Gauntlet)
  2 vampire mosquitoes (D:11)
  A spectral komodo dragon (Gauntlet)
  2 steam dragons
  An acid dragon (D:11)
  A hell hound (Gauntlet)
  4 ice beasts
  A swamp drake (D:9)
  A spectral torpor snail (Gauntlet)
  A black bear (D:6)
  3 orc warriors
  An ogre (D:5)
  5 centaurs
  6 kobold brigands
  4 bullfrogs
  A gnoll sergeant (D:9)
  3 scorpions (D:6)
  10 wights
  7 killer bees
  3 electric eels (D:10)
  3 jellies
  3 orc priests
  11 hounds
  10 orc wizards
  Ijyb (D:3)
  2 iguanas
  12 gnolls
  11 adders
  2 shadow imps
  3 white imps
  An ufetubus (D:4)
  A dart slug (D:3)
  40 orcs
  6 bats
  6 endoplasms
  2 giant cockroaches (D:1)
  13 goblins
  10 hobgoblins
  6 jackals
  A quokka (D:1)
  9 ball pythons
  3 frilled lizards
  37 kobolds
  5 rats (D:2)
315 creatures vanquished.

Vanquished Creatures (collateral kills)
  A wight (D:9)
  A goblin (D:7)
2 creatures vanquished.

Vanquished Creatures (others)
  3 fungi (Gauntlet)
  3 plants
6 creatures vanquished.

Grand Total: 323 creatures vanquished

Notes
Turn   | Place    | Note
-------+----------+-------------------------------------------
     0 | D:1      | javelincjr the Djinni Hedge Wizard began the quest for the
                  | Orb.
     0 | D:1      | javelincjr set off with the following spells memorised:
                  | Magic Dart, Blink, Call Imp, Slow, Conjure Flame, Mephitic
                  | Cloud.
     0 | D:1      | Reached XP level 1. HP: 15/15 MP: 0/0
   319 | D:1      | Reached XP level 2. HP: 20/21 MP: 0/0
   331 | D:1      | Found a faded altar of an unknown god.
  1010 | D:1      | Reached skill level 3 in Spellcasting
  1074 | D:1      | Reached XP level 3. HP: 21/25 MP: 0/0
  1074 | D:1      | Learned a level 1 spell: Sandblast
  1708 | D:2      | Found a hazy altar of Hepliaklqana.
  1817 | D:2      | Reached XP level 4. HP: 28/31 MP: 0/0
  2225 | D:2      | Found Puade's Jewellery Boutique.
  2307 | D:2      | Noticed Sigmund
  2315 | D:2      | Killed Sigmund
  2316 | D:2      | Reached skill level 1 in Short Blades
  2316 | D:2      | Reached skill level 4 in Spellcasting
  2316 | D:2      | Reached XP level 5. HP: 27/36 MP: 0/0
  2316 | D:2      | Learned a level 2 spell: Poisonous Vapours
  2316 | D:2      | Reached XP level 6. HP: 31/41 MP: 0/0
  2988 | D:3      | Noticed Ijyb
  3003 | D:3      | Killed Ijyb
  4350 | D:4      | Reached XP level 7. HP: 36/46 MP: 0/0
  4350 | D:4      | Learned a level 3 spell: Confusing Touch
  4498 | D:4      | Reached skill level 1 in Fighting
  4498 | D:4      | Reached skill level 5 in Spellcasting
  5449 | D:5      | Entered Level 5 of the Dungeon
  5601 | D:5      | Reached skill level 1 in Armour
  5732 | D:5      | Found a sparkling altar of Nemelex Xobeh.
  6173 | D:5      | Reached XP level 8. HP: 41/52 MP: 0/0
  6566 | D:6      | Found Exisup's General Store.
  6580 | D:6      | Noticed a wyvern
  6609 | D:6      | Killed a wyvern
  6610 | D:6      | Reached skill level 1 in Shields
  6818 | D:6      | Reached skill level 6 in Spellcasting
  8002 | D:6      | Found a shadowy altar of Dithmenos.
  8027 | D:7      | Reached XP level 9. HP: 57/58 MP: 0/0
  8027 | D:7      | Learned a level 4 spell: Iskenderun's Mystic Blast
  8049 | D:7      | Reached skill level 7 in Spellcasting
  8279 | D:6      | Bought a potion of heal wounds for 65 gold pieces
  8279 | D:6      | Bought a potion of curing for 39 gold pieces
  8491 | D:7      | Noticed a hornet
  8564 | D:7      | Identified the +3 chain mail "Ihaarer" {rElec rF++ Str+4
                  | Int-3}
  8593 | D:7      | Noticed a cyclops
  8623 | D:7      | Killed a cyclops
  8693 | D:7      | Reached skill level 8 in Spellcasting
  9038 | D:7      | Found a staircase to the Ecumenical Temple.
  9049 | Temple   | Entered the Ecumenical Temple
  9095 | Temple   | Became a worshipper of Qazlal Stormbringer
  9456 | D:8      | Killed a hornet
  9457 | D:8      | Reached XP level 10. HP: 53/64 MP: 0/0
 10282 | D:8      | Identified the +5 dagger "Cagupsen" {antimagic, rPois rC+
                  | Str-2 Stlth+}
 10387 | D:8      | Reached skill level 9 in Spellcasting
 10887 | D:9      | Reached * piety under Qazlal
 11465 | D:9      | Found a staircase to the Orcish Mines.
 11721 | D:9      | HP: 1/64 [centaur/arrow (10)]
 11737 | D:9      | Noticed a kobold demonologist
 12001 | D:9      | Killed a kobold demonologist
 12391 | D:9      | Noticed a kobold demonologist
 12392 | D:9      | Noticed a kobold demonologist
 12412 | D:9      | Killed a kobold demonologist
 12412 | D:9      | Reached ** piety under Qazlal
 12413 | D:9      | Reached skill level 10 in Spellcasting
 12421 | D:9      | Killed a kobold demonologist
 12422 | D:9      | Reached XP level 11. HP: 45/68 MP: 0/0
 12422 | D:9      | Learned a level 5 spell: Lee's Rapid Deconstruction
 12564 | D:9      | Found a broken altar of Ashenzari.
 12671 | D:10     | Entered Level 10 of the Dungeon
 13260 | D:10     | Noticed Snorg
 13278 | D:10     | Killed Snorg
 13279 | D:10     | Reached skill level 11 in Spellcasting
 13702 | D:10     | Found a staircase to the Lair.
 14887 | D:11     | Reached skill level 12 in Spellcasting
 15253 | D:11     | Reached XP level 12. HP: 60/76 MP: 0/0
 15638 | D:12     | Reached *** piety under Qazlal
 15747 | D:12     | Found a transporter.
 15748 | D:12     | Found a transporter.
 15753 | D:12     | Noticed a two-headed ogre
 15759 | D:12     | Noticed Nessos
 15761 | D:12     | Killed a two-headed ogre
 15774 | D:12     | Killed Nessos
 15961 | D:12     | Noticed a rakshasa
 15986 | D:12     | Found a transporter.
 15986 | D:12     | Found a transporter.
 15987 | D:12     | Found a transporter.
 16005 | D:12     | Found a transporter.
 16097 | D:12     | Found a gate leading to a gauntlet.
 16107 | Gauntlet | Entered a Gauntlet
 16107 | Gauntlet | Found a transporter.
 16107 | Gauntlet | Found a runed translucent door.
 16108 | Gauntlet | Found a runed translucent door.
 16369 | Gauntlet | Found a transporter.
 16373 | Gauntlet | Found a transporter.
 16382 | Gauntlet | Found a transporter.
 16385 | Gauntlet | Found a transporter.
 16393 | Gauntlet | Found a transporter.
 16397 | Gauntlet | Found a transporter.
 16399 | Gauntlet | Noticed a hell hog
 16405 | Gauntlet | Found a transporter.
 16409 | Gauntlet | Found a transporter.
 16415 | Gauntlet | Noticed a death scarab
 16416 | Gauntlet | Noticed a death scarab
 16417 | Gauntlet | Found a transporter.
 16448 | Gauntlet | Found a transporter.
 16460 | Gauntlet | Found a transporter.
 16463 | Gauntlet | Noticed a fire crab
 16473 | Gauntlet | Found a transporter.
 16486 | Gauntlet | Found a transporter.
 16539 | Gauntlet | Gained mutation: Armour fits poorly on your strangely
                  | shaped body. [a shining eye]
 16549 | Gauntlet | Reached skill level 5 in Dodging
 16646 | Gauntlet | Identified the +2 pair of gloves "Zaixaty" {Dex+6}
 16720 | Gauntlet | Reached skill level 13 in Spellcasting
 16723 | Gauntlet | Killed a fire crab
 16817 | Gauntlet | Killed a hell hog
 16953 | Gauntlet | Killed a death scarab
 16953 | Gauntlet | Killed a death scarab
 17275 | Gauntlet | Noticed a minotaur
 17288 | Gauntlet | Killed a minotaur
 17806 | D:12     | Lost mutation: Armour fits poorly on your strangely shaped
                  | body. [potion of mutation]
 17806 | D:12     | Gained mutation: You sometimes lose your temper in combat.
                  | [potion of mutation]
 17806 | D:12     | Gained mutation: Your mind is acute. (Int +4, Str/Dex -1)
                  | [potion of mutation]
 17806 | D:12     | Gained mutation: You are resistant to electric shocks.
                  | (rElec) [potion of mutation]
 17916 | D:12     | Reached XP level 13. HP: 75/80 MP: 0/0
 17916 | D:12     | Learned a level 5 spell: Irradiate
 18197 | D:12     | Killed a rakshasa
 18554 | D:13     | Reached skill level 14 in Spellcasting
 18617 | D:13     | Noticed a centaur warrior
 18690 | D:14     | Slain by a skeletal warrior

Illustrated notes

Levels and vault maps discovered:
D:1:      dpeg_arrival_simpleton_a, layout_loops_ring, serial_forest,
          infiniplex_forest_zigzag_1, infiniplex_forest_lined_room_3,
          infiniplex_forest_clump_cross, infiniplex_forest_clump_long,
          infiniplex_forest_straight_3, infiniplex_forest_clump_C,
          hellmonk_ecumenical_altar_zigzags
D:2:      layout_loops_corners, serial_shops, shop, basic_altar, nrook_uturn,
          uniq_sigmund
D:3:      layout_loops_corners, serial_bayou_pond_e, uniq_ijyb
D:4:      layout_gridville, mainiacjoe_overflow_cross_hatched,
          roderic_lattice_a, minmay_checkerbox
D:5:      corexii_shack_village, layout_rooms,
          mainiacjoe_overflow_surrounded_room, reono_crystal_passage
D:6:      layout_basic, mainiacjoe_overflow_alcove_1, eino_tiny_chamber,
          grunt_ministairs_14, nicolae_take_the_stairs
D:7:      layout_rooms, minmay_temple_entry_statues_pillars, enter_bailey_5,
          chequers_serial_rivers_small_3
D:8:      layout_basic, minmay_starry_boxes
D:9:      layout_rooms, evilmike_ruin_ashenzari, erik_orc_1
D:10:     layout_basic, erik_lair_island, uniq_snorg
D:11:     layout_loops_ring, minmay_misc_feat_doors
D:12:     layout_rooms, gauntlet_entry_generic, minmay_fountain_box,
          serial_nicolae_subway, nicolae_sub_station_crystal,
          nicolae_sub_station_stone, nicolae_sub_station_metal, uniq_nessos
D:13:     layout_irregular_city, vehumet_altar_wand_db
D:14:     layout_basic, skrybe_vaults_entry_preservation, minivault_27,
          lemuel_flamethrower_hall
Temple:   mainiacjoe_temple_coin_purse

Skill      XL: |  1  2  3  4  5  6  7  8  9 10 11 12 13 |
---------------+----------------------------------------+-----
Spellcasting   | 3 4 5 6 8 10 12 13 14 | 14.0
Stealth        | 2 3 4 |  4.3
Short Blades   | 1 2 3 |  3.8
Fighting       | 1 2 |  2.5
Armour         | 1 2 3 4 |  4.7
Dodging        | 3 4 5 |  5.6
Shields        | 1 2 3 4 |  4.5
Throwing       | |  0.5

Action                   |  1- 3 |  4- 6 |  7- 9 | 10-12 | 13-15 || total
-------------------------+-------+-------+-------+-------+-------++-------
Melee: Dagger            |    20 |    63 |    90 |    89 |     6 ||   268
Throw: Javelin           |     6 |       |       |       |       ||     6
 Cast: Magic Dart        |    44 |    30 |    15 |    10 |       ||    99
       Sandblast         |     7 |    21 |    51 |    59 |     3 ||   141
       Mephitic Cloud    |       |     2 |    14 |    27 |     3 ||    46
       Blink             |       |     2 |     2 |     2 |       ||     6
       Conjure Flame     |       |     1 |     7 |    11 |     1 ||    20
       Poisonous Vapours |       |    14 |    73 |   135 |     4 ||   226
       Call Imp          |       |     1 |     3 |     3 |     5 ||    12
       Slow              |       |       |     2 |     2 |       ||     4
       Confusing Touch   |       |       |     1 |       |       ||     1
       Iskenderun's Myst |       |       |    16 |   106 |     7 ||   129
       Lee's Rapid Decon |       |       |       |     9 |     2 ||    11
       Irradiate         |       |       |       |       |     2 ||     2
  Use: Scroll            |       |       |    12 |     8 |     1 ||    21
       Potion            |       |       |     1 |     7 |     1 ||     9
 Stab: Confused          |       |     1 |     2 |     5 |       ||     8
Armor: Robe              |     2 |     6 |       |       |       ||     8
       Leather armour    |       |     2 |    38 |    20 |     3 ||    63
Dodge: Dodged            |    15 |    25 |    68 |    66 |    11 ||   185
Block: Other             |     2 |       |       |       |       ||     2
       Orb               |       |    11 |    34 |    41 |     5 ||    91
       Reflection        |       |     2 |     8 |    12 |     1 ||    23
